Map: King Sejong Station LE

Players

Gracz - Winner!

  • Race: Protoss Protoss
  • League: Bronze

BigBurne

  • Race: Terran Terran
  • League: Bronze

VOD

Have the link to the VOD?

Description

Time

  • Played on: Sept. 15, 2016, 10:52 a.m.
  • Length: 23:25
Show
View Real Time Build Order
Export as new Build Order

Gracz Protoss - Winner!

Build Orders:  

Get SALT Encoding   

  12  0:02  Probe (Chrono Boost)  
  13  0:13  Probe (Chrono Boost)  
  14  0:22  Pylon  
  14  0:26  Assimilator  
  14  0:29  Probe (Chrono Boost)  
  15  0:40  Probe (Chrono Boost)  
  16  0:50  Gateway  
  16  0:51  Probe (Chrono Boost)  
  16  0:57  Pylon  
  17  1:10  Probe (Chrono Boost)  
  18  1:19  Gateway  
  18  1:20  Probe (Chrono Boost)  
  8  2:41  Probe (Chrono Boost)  
  8  2:43  Zealot x2  
  9  2:51  Probe (Chrono Boost)  
  9  3:02  Probe (Chrono Boost)  
  10  3:10  Zealot  
  10  3:12  Probe (Chrono Boost)  
  13  3:53  Pylon  
  13  4:15  Probe (Chrono Boost)  
  9  4:50  Probe (Chrono Boost)  
  10  5:05  Probe (Chrono Boost)  
  11  5:32  Probe (Chrono Boost)  
  13  5:42  Probe (Chrono Boost)  
  13  5:53  Probe (Chrono Boost)  
  14  6:23  Zealot x2  
  18  6:50  Zealot  
  10  9:05  Cybernetics Core  
  10  9:07  Gateway  
  10  9:09  Gateway  
  10  9:10  Gateway  
  10  9:12  Probe (Chrono Boost)  
  11  9:18  Nexus  
  11  9:23  Probe (Chrono Boost)  
  12  9:33  Probe (Chrono Boost)  
  12  9:34  Warp Gate  
  13  9:44  Probe (Chrono Boost)  
  12  9:57  Probe (Chrono Boost)  
  13  10:05  Pylon  
  13  10:08  Pylon, Probe (Chrono Boost)  
  14  10:20  Probe (Chrono Boost)  
  15  10:32  Probe x2 (Chrono Boost)  
  18  10:43  Probe (Chrono Boost)  
  18  10:44  Probe (Chrono Boost)  
  19  10:53  Probe (Chrono Boost)  
  19  10:56  Probe (Chrono Boost)  
  21  10:58  Forge  
  22  11:04  Probe (Chrono Boost)  
  22  11:08  Probe (Chrono Boost)  
  23  11:14  Probe (Chrono Boost)  
  24  11:20  Probe (Chrono Boost)  
  24  11:25  Mothership Core (Chrono Boost), Gateway  
  27  11:32  Pylon  
  28  11:33  Probe (Chrono Boost)  
  28  11:35  Pylon  
  28  11:38  Pylon  
  28  11:41  Pylon  
  28  11:43  Probe (Chrono Boost)  
  28  11:45  Probe (Chrono Boost)  
  31  11:54  Probe (Chrono Boost)  
  31  11:57  Probe (Chrono Boost)  
  32  12:05  Probe (Chrono Boost)  
  34  12:09  Probe (Chrono Boost)  
  34  12:15  Probe (Chrono Boost)  
  35  12:21  Probe (Chrono Boost)  
  36  12:26  Probe (Chrono Boost)  
  37  12:47  Probe (Chrono Boost)  
  37  12:50  Assimilator  
  38  12:52  Assimilator  
  38  12:53  Assimilator  
  39  12:59  Probe (Chrono Boost)  
  39  13:07  Nexus  
  39  13:09  Assimilator  
  39  13:11  Probe (Chrono Boost)  
  40  13:15  Assimilator  
  40  13:18  Pylon  
  40  13:21  Pylon  
  40  13:22  Protoss Shields Level 1  
  40  13:23  Probe (Chrono Boost)  
  40  13:25  Pylon  
  41  13:29  Pylon  
  41  13:32  Pylon  
  41  13:38  Pylon  
  41  13:41  Pylon  
  41  13:43  Stalker x4  
  41  13:45  Pylon  
  41  13:48  Pylon  
  49  13:51  Pylon  
  49  13:54  Stargate  
  49  13:55  Stargate  
  49  13:57  Pylon  
  49  13:59  Pylon  
  49  14:18  Twilight Council  
  49  14:30  Probe (Chrono Boost)  
  51  14:32  Probe x2 (Chrono Boost)  
  52  14:41  Probe (Chrono Boost)  
  52  14:42  Oracle, Probe (Chrono Boost)  
  52  14:44  Probe (Chrono Boost)  
  58  14:51  Probe (Chrono Boost)  
  59  14:53  Probe (Chrono Boost)  
  59  14:55  Blink  
  59  14:56  Stargate, Probe (Chrono Boost)  
  61  15:00  Pylon  
  61  15:02  Probe (Chrono Boost)  
  61  15:03  Probe (Chrono Boost)  
  61  15:04  Gateway  
  61  15:06  Gateway  
  64  15:08  Probe (Chrono Boost)  
  64  15:09  Stalker  
  64  15:12  Probe (Chrono Boost)  
  64  15:14  Probe (Chrono Boost)  
  68  15:49  Protoss Air Weapons Level 1  
  68  15:50  Protoss Ground Armor Level 1  
  68  15:54  Stargate  
  68  16:02  Fleet Beacon  
  68  16:14  Robotics Facility  
  68  16:19  Robotics Facility  
  68  16:20  Robotics Facility  
  68  16:25  Stargate  
  68  16:28  Stargate  
  68  16:39  Stalker x2  
  72  16:40  Stalker x3  
  78  16:52  Graviton Catapult  
  78  17:28  Protoss Air Armor Level 1  
  84  17:39  Nexus  
  84  17:42  Assimilator  
  84  17:44  Protoss Ground Weapons Level 1  
  84  17:47  Assimilator  
  84  17:48  Stalker x8  
  100  17:51  Pylon  
  100  17:55  Pylon  
  100  17:58  Pylon, Void Ray  
  93  18:01  Pylon  
  92  18:25  Sentry  
  92  18:26  Stalker  
  92  18:27  Sentry x2  
  92  18:29  Adept  
  92  18:32  Sentry x2  
  102  18:34  Stalker  
  104  18:47  Charge  
  104  19:15  Probe (Chrono Boost)  
  104  19:16  Probe (Chrono Boost)  
  108  19:17  Probe x2 (Chrono Boost)  
  108  19:25  Probe (Chrono Boost)  
  108  19:26  Probe (Chrono Boost)  
  108  19:29  Probe (Chrono Boost)  
  111  19:40  Protoss Ground Armor Level 2  
  111  19:41  Carrier x3  
  129  19:52  Robotics Bay  
  129  20:21  Resonating Glaives  
  129  20:34  Carrier x3  
  145  20:53  Stalker x4  
  145  20:54  Stalker x3  
  145  20:56  Protoss Air Armor Level 2  
  159  21:07  Void Ray  
  163  21:30  Nexus  
  163  21:39  Carrier x2  
  163  21:49  Carrier  
  181  21:56  Disruptor  
Show
View Real Time Build Order
Export as new Build Order

BigBurne Terran 

Build Orders:  

Get SALT Encoding   

  12  0:06  SCV  
  13  0:24  SCV  
  14  0:36  SCV  
  15  2:06  SCV  
  14  3:25  SCV  
  15  3:38  Supply Depot  
  15  3:59  SCV  
  14  4:11  SCV  
  10  4:52  Refinery  
  10  4:54  SCV  
  11  5:06  SCV  
  12  5:18  SCV  
  13  5:30  SCV  
  14  5:42  SCV  
  14  5:48  Barracks  
  15  5:55  SCV  
  16  5:57  Barracks  
  16  6:05  Refinery  
  16  6:07  SCV  
  17  6:21  SCV  
  18  6:35  Orbital Command  
  17  6:50  Marine x2  
  19  7:08  Marine x2  
  18  7:26  Marine  
  17  7:44  Marine  
  14  8:34  SCV  
  14  8:46  SCV  
  15  8:50  Marine  
  15  8:58  SCV  
  16  9:08  Marine  
  17  9:10  SCV  
  18  9:20  Barracks  
  18  9:22  SCV  
  19  9:26  Marine  
  20  9:35  SCV  
  22  9:47  SCV  
  22  9:50  Barracks Reactor  
  22  10:30  Marine  
  22  10:31  Marine x2  
  22  10:33  SCV  
  26  10:46  SCV  
  26  10:48  Marine x2  
  26  10:49  Marine  
  30  10:56  Engineering Bay  
  30  10:58  SCV  
  31  11:17  Supply Depot  
  31  11:22  Supply Depot  
  31  11:28  Engineering Bay  
  31  11:31  Terran Infantry Weapons Level 1  
  31  11:38  Marine x2  
  31  11:39  Barracks Tech Lab, SCV  
  34  11:51  SCV  
  35  11:56  Marine x2  
  37  12:03  SCV  
  38  12:14  Marine x2  
  38  12:15  SCV  
  41  12:16  Supply Depot  
  41  12:25  Missile Turret  
  41  12:27  SCV  
  42  12:31  Missile Turret  
  42  12:32  Marine x2  
  42  12:35  Missile Turret  
  43  12:39  SCV  
  43  12:51  Marine, SCV  
  43  12:52  Marine x2  
  47  13:02  Missile Turret  
  47  13:05  SCV  
  48  13:09  Marine  
  48  13:10  Marine x2  
  51  13:17  Missile Turret, SCV  
  52  13:21  Bunker  
  52  13:27  Marine x3  
  52  13:29  SCV  
  52  13:33  Supply Depot  
  56  13:41  SCV  
  56  13:44  Supply Depot  
  56  13:45  Marine x3  
  56  13:46  Missile Turret  
  60  13:53  SCV  
  61  14:03  Marine  
  61  14:05  SCV  
  63  14:17  SCV  
  64  14:30  SCV  
  65  14:51  Command Center  
  65  15:08  Terran Infantry Armor Level 1  
  65  15:11  Hi-Sec Auto Tracking  
  65  15:33  Combat Shields  
  65  15:56  Missile Turret  
  65  16:02  Missile Turret  
  65  16:07  Missile Turret  
  65  16:10  Missile Turret  
  65  16:22  Missile Turret  
  65  16:28  Orbital Command  
  65  16:31  Missile Turret  
  65  16:41  Missile Turret  
  65  16:50  Neosteel Frame  
  65  16:52  Stimpack  
  65  17:02  Building Armor  
  65  17:12  Missile Turret  
  65  17:25  SCV  
  66  17:37  SCV  
  67  17:49  SCV  
  62  18:01  SCV  
  58  18:13  SCV  
  58  18:14  Marine  
  58  18:15  Marine x2  
  47  18:32  Marine  
  47  18:33  Marine x2  
  50  18:40  Command Center  
  50  18:48  Refinery  
  50  18:50  Marine x2  
  50  18:51  Marine  
  50  18:53  Concussive Shells, Refinery  
  53  19:08  Marine x3  
  56  19:26  Marine x3, Command Center  
  59  19:44  Marine x3  
  62  19:53  Missile Turret  
  62  19:54  Planetary Fortress  
  62  20:01  Marine  
  62  20:02  Marine x2  
  62  20:04  SCV  
  66  20:16  SCV  
  66  20:19  Marine  
  66  20:20  Marine x2  
  70  20:37  Marine x2  
  70  20:38  Marauder  
  73  20:59  Marauder  
  75  21:21  Marauder  
  77  21:42  Marauder  
  78  22:50  SCV  
  76  23:02  SCV  
  76  23:14  Missile Turret  
  76  23:15  Missile Turret  
  76  23:19  Missile Turret  
Tags
 
Add a new tag
Caveats
  • Supply blocks, unpowered buildings, or Contaminate may cause inaccurate times.
  • Supply counts are checked every 10 seconds.